 Dungeon Crawl Stone Soup version 0.20-a0-513-g02c11fc (webtiles) character file.

66 Asddderdsw the Firebug (level 3, 0/26 HPs)
             Began as a Draconian Fire Elementalist on Jan 23, 2017.
             Killed by nerve-wracking pain
             ... invoked by Grinder
              (11 damage)
             ... on level 3 of the Dungeon.
             The game lasted 00:13:25 (2410 turns).

Asddderdsw the Firebug (DrFE)                       Turns: 2410, Time: 00:13:25

Health: 0/26       AC:  5    Str: 10    XL:     3   Next: 96%
Magic:  3/6        EV: 12    Int: 16    God:
Gold:   95         SH:  0    Dex: 11    Spells: 0/6 levels left

rFire    . . .     SeeInvis .   e - +0 club
rCold    . . .     Gourm    .   (armour unavailable)
rNeg     . . .     Faith    .   (no shield)
rPois    .         Spirit   .   (helmet restricted)
rElec    .         Reflect  .   (no cloak)
rCorr    .         Harm     .   (no gloves)
MR       .....                  (no boots)
Stlth    ++........             c - amulet of rage
Regen    0.1/turn               (no ring)
                                (no ring)

@: no status effects
A: unfitting armour, cold-blooded, AC +5
a: Evoke Berserk Rage


You were on level 3 of the Dungeon.
You were hungry.

You visited 1 branch of the dungeon, and saw 3 of its levels.

You collected 95 gold pieces.

Inventory:

Hand Weapons
 e - a +0 club (weapon)
 q - a +0 hunting sling
 s - a +1 short sword of draining
Missiles
 n - 33 stones (quivered)
 p - 14 arrows
Jewellery
 c - an amulet of rage (around neck)
 t - an uncursed ring of stealth {unknown}
Scrolls
 f - 2 scrolls of random uselessness {unknown}
 i - a scroll of teleportation {unknown}
 k - 2 scrolls of blinking {unknown}
 l - a scroll of amnesia {unknown}
 m - 2 scrolls of identify {unknown}
 r - a scroll of recharging {unknown}
Potions
 d - 2 potions of curing {unknown}
 h - a potion of haste {unknown}
 j - a potion of invisibility {unknown}
 o - a potion of resistance {unknown}
Books
 a - a book of Flames

   Spells                             Type                      Level
   a - Flame Tongue                   Conjuration/Fire             1
   b - Throw Flame                    Conjuration/Fire             2
   c - Conjure Flame                  Conjuration/Fire             3
   d - Inner Flame                    Hexes/Fire                   3
   e - Sticky Flame                   Conjuration/Fire             4
   f - Fireball                       Conjuration/Fire             5
Comestibles
 b - a bread ration
 g - 11 chunks of flesh


   Skills:
 - Level 0.2 Short Blades
 * Level 0.8 Maces & Flails
 + Level 2.2 Dodging
 + Level 2.3 Stealth
 + Level 2.3 Spellcasting
 + Level 1.1 Conjurations
 + Level 3.7 Fire Magic


You couldn't memorise any spells.
You knew the following spells:

 Your Spells              Type           Power        Failure   Level  Hunger
a - Flame Tongue          Conj/Fire      #....        10%         1    #......
b - Throw Flame           Conj/Fire      #.....       12%         2    ###....
c - Conjure Flame         Conj/Fire      #.......     21%         3    ###....


Dungeon Overview and Level Annotations

Branches:
Dungeon (3/15)

Altars:
Gozag
Vehumet
Yredelemnul

Annotations:
D:3 Grinder


Innate Abilities, Weirdness & Mutations

Your plain brown scales are hard. (AC +5)
You cannot fit into any form of body armour.
You are cold-blooded and may be slowed by cold attacks.


Message History

Grinder shouts!
You barely miss Grinder. Grinder hits you.
You writhe in agony.
Grinder hits you but does no damage.
Press: ? - help, v - describe, . - travel The floor.
Grinder gestures at you. Pain shoots through your body!
Casting: Flame Tongue
Confirm with . or Enter, or press ? or * to list all spells.
Aiming: Conjure Flame
Press: ? - help, Dir - move target cursor The fire roars!
You are feeling hungry.
Press: ? - help, v - describe, . - travel The floor.
You closely miss Grinder.
Grinder is engulfed in roaring flames.
Grinder hits you.
You writhe in agony.
Grinder is engulfed in roaring flames.
Grinder gestures at you. Pain shoots through your body!
You die...

####### #...........#
#.....# #.....#######
#.....# #######.....#
#.....###...........#
#...................###
#.....................#
#...................#.#
########.....####......#.##
#..............@5.........#
#.######.....####....###..#
#.# #.....# #....# #..# #.#
#.....# #.........# #.#
####### #.........#
#.####### #.........#
#.......# #..........
#######.# #.........# #.#
#######..


You could see Grinder.

Vanquished Creatures
  A gnoll (D:1)
  An adder (D:3)
  A worm (D:2)
  3 dart slugs
  3 leopard geckos
  5 bats
  2 giant cockroaches
  6 goblins
  A hobgoblin (D:2)
  A quokka (D:3)
  A ball python (D:3)
  A frilled lizard (D:2)
  5 kobolds
  8 rats
39 creatures vanquished.

Notes
Turn   | Place    | Note
-------+----------+-------------------------------------------
     0 | D:1      | Asddderdsw the Draconian Fire Elementalist began the quest for the Orb.
     0 | D:1      | Reached XP level 1. HP: 14/14 MP: 3/3
   385 | D:1      | Reached XP level 2. HP: 12/20 MP: 0/5
  1505 | D:2      | Reached XP level 3. HP: 21/26 MP: 3/6
  1523 | D:2      | Learned a level 2 spell: Throw Flame
  1527 | D:2      | Learned a level 3 spell: Conjure Flame
  2114 | D:2      | Found a faded altar of an unknown god.
  2114 | D:2      | Found a radiant altar of Vehumet.
  2122 | D:2      | Found a faded altar of an unknown god.
  2127 | D:2      | Found a basalt altar of Yredelemnul.
  2129 | D:2      | Found an opulent altar of Gozag.
  2394 | D:3      | Noticed Grinder
  2410 | D:3      | Killed from afar by Grinder

Vault maps used:
D:1:      evilmike_arrival_plus
D:2:      chequers_temple_overflow_minitemple
D:3:      first_bread, uniq_jessica, uniq_grinder

Skill      XL: |  1  2 |
---------------+-------+-----
Stealth        | 2 |  2.3
Dodging        | 2 |  2.2
Short Blades   | |  0.2
Maces & Flails | |  0.8
Spellcasting   | |  2.3
Conjurations   | |  1.1
Fire Magic     | |  3.7

Action                   || total
-------------------------++-------
Melee: Short sword       ||    14
       Unarmed           ||     1
       Club              ||    45
       Tailslap          ||     2
 Cast: Flame Tongue      ||    55
       Conjure Flame     ||     1
 Stab: Sleeping          ||     1
  Eat: Chunk             ||     5
Armor: Skin              ||    41
Dodge: Dodged            ||    63
